AoeStats
← SPPG_Aruba

African Clearing

510453112Analyzed
4v4 RM · 1d ago on Oct 1, 2026· 35m 59s· 8 players
Game mode
Random Map
Map size
Large (8 player)
Population
200
Speed
Normal
Resources
Standard
Victory
Conquest
Starting age
Dark Age
Ending age
Imperial Age
RankedLock teamsTeams togetherTeam positionsShared explorationLock speedFull tech treeHidden civsTurbo modeCheats
Victory
Defeat
🇪🇨 Khmer · Ecuador
1386
+16
🇵🇪 Bohemians · Peru
1380
+16
🇺🇸 Mongols · United States
1348
+17
🇨🇴 Saracens · Colombia
1321
+18
🇮🇩 Celts · Indonesia
1416
-18
🇨🇳 Sicilians · China
1412
-19
🇨🇦 Varangians · Canada
1342
-15
🇮🇩 Danes · Indonesia
1342
-15
DUDA
10:38 Feudal Age
12:03 Double-Bit Axe
19:06 Loom
19:39 Loom
20:29 Horse Collar
24:49 Castle Age
23:25 Gold Mining
26:05 Padded Archer Armor
25:56 Fletching
27:41 Bow Saw
34:39 Wheelbarrow
DanielP1lot
11:24 Loom
14:02 Feudal Age
18:22 Castle Age
17:24 Double-Bit Axe
17:21 Horse Collar
26:15 Wheelbarrow
25:28 Town Watch
28:32 Forging
29:19 Scale Barding Armor
31:39 Ballistics
32:59 Iron Casting
36:58 Imperial Age
36:10 Chain Barding Armor
36:02 Bloodlines
[ECU] PALADINFRANCO
3:51 Loom
13:09 Feudal Age
13:14 Man-at-Arms
26:16 Castle Age
25:31 Bloodlines
28:55 Husbandry
tomitom
10:45 Loom
14:14 Feudal Age
17:49 Castle Age
16:25 Double-Bit Axe
31:19 Horse Collar
36:25 Wheelbarrow
35:36 Town Watch
35:54 Scale Mail Armor
Bugzy
10:23 Loom
13:19 Feudal Age
18:37 Castle Age
27:11 Scale Barding Armor
27:53 Double-Bit Axe
30:39 Forging
SPPG_Aruba
3:53 Loom
14:25 Feudal Age
15:41 Town Watch
18:27 Castle Age
16:15 Double-Bit Axe
16:23 Gold Mining
16:55 Fletching
19:06 Bodkin Arrow
19:23 Bow Saw
20:49 Padded Archer Armor
26:19 Redemption
RafixRuche
10:39 Loom
13:08 Feudal Age
18:07 Castle Age
20:46 Double-Bit Axe
25:35 Wheelbarrow
26:54 Horse Collar
30:11 Bow Saw
帝国新手
5:07 Loom
14:09 Feudal Age
16:09 Bloodlines
16:55 Forging
17:02 Double-Bit Axe
16:59 Horse Collar
20:24 Scale Barding Armor
24:21 Castle Age
23:23 Fletching
25:39 Chain Barding Armor
25:40 Husbandry
27:22 Town Watch
31:27 Bodkin Arrow
31:54 Ballistics
33:07 Padded Archer Armor
34:40 Scale Mail Armor
35:16 Iron Casting
Connection lost

Rejoining the realm…

Still unreachable

The connection could not be restored.

Session expired

The server has moved on; the page needs a fresh start.